 Dungeon Crawl Stone Soup version 0.24.0-10-g970556be89 (webtiles) character file.

Game seed: 6294959637984364882, levelgen mode: deterministic

46879 Amplified the Thaumaturge (level 14, -5/108 HPs)
             Began as a Gnoll Wizard on Nov 2, 2019.
             Was a High Priest of Sif Muna.
             Slain by a hornet (10 damage)
             ... while paralysed by a hornet
             ... on level 6 of the Lair of Beasts on Nov 3, 2019.
             The game lasted 01:23:39 (22698 turns).

Amplified the Thaumaturge (Gnoll Wizard)           Turns: 22698, Time: 01:23:39

Health: -5/108     AC: 13    Str: 11    XL:     14   Next: 39%
Magic:  29/29      EV:  2    Int: 30    God:    Sif Muna [*****.]
Gold:   2518       SH:  0    Dex: 16    Spells: 9/35 levels left

rFire    + . .     SeeInvis +   u - +7 rapier of Uskayaw's Delight {holy, *Rage +Blink rElec Stlth+}
rCold    . . .     Gourm    .   (no shield)
rNeg     + . .     Faith    .   J - +3 leather armour {MR+}
rPois    .         Spirit   .   s - +2 helmet {SInv}
rElec    +         Reflect  .   Q - +1 cloak {rF+}
rCorr    .         Harm     .   (no gloves)
MR       ++...     Rnd*Rage +   (no boots)
Stlth    +++++++...             S - amulet "Sifant" {Acrobat +Inv rElec SInv Stlth+}
HPRegen  0.28/turn              t - ring of positive energy
MPRegen  0.21/turn              c - +6 ring of intelligence

@: paralysed, lethally poisoned (-5 -> -27), berserk cooldown, slowed
A: distributed training, fangs 2, large bone plates 1, thin skeletal structure
1, blurry vision 1, strong nose
a: Channel Magic, Forget Spell, Divine Exegesis, Renounce Religion, Evoke Blink,
Evoke Invisibility


You were on level 6 of the Lair of Beasts.
You worshipped Sif Muna.
Sif Muna was extremely pleased with you.
You were not hungry.

You visited 3 branches of the dungeon, and saw 21 of its levels.
You also visited: Bailey and Volcano.

You collected 2706 gold pieces.
You spent 188 gold pieces at shops.

Inventory:

Hand Weapons
 a - a +1 vampiric broad axe
 u - the +7 rapier of Uskayaw's Delight (weapon) {holy, *Rage +Blink rElec Stlth+}
   (You took it off a big kobold on level 12 of the Dungeon)

   It has been blessed by the Shining One to cause great damage to the undead
   and demons.
   It insulates you from electricity.
   It lets you blink.
   It may make you go berserk in combat.
   It makes you more stealthy.
 A - a +2 halberd of electrocution
 H - a +2 broad axe of holy wrath
Missiles
 j - 5 curare-tipped darts
 m - 21 javelins
 v - 62 boomerangs
 w - 43 poisoned darts (quivered)
 B - 3 datura-tipped darts
 I - 4 throwing nets
Armour
 f - a +2 hat
 s - a +2 helmet of see invisible (worn)
 E - a scarf of resistance
 F - +0 fire dragon scales
 J - a +3 leather armour of magic resistance (worn)
 O - a +2 chain mail of fire resistance
 P - a +3 scale mail of fire resistance
 Q - a +1 cloak of fire resistance (worn)
Jewellery
 c - a +6 ring of intelligence (right hand)
 l - an uncursed ring of fire
 r - a +5 ring of dexterity
 t - a ring of positive energy (left hand)
 x - an uncursed amulet of regeneration
 S - the amulet "Sifant" (around neck) {Acrobat +Inv rElec SInv Stlth+}
   (You acquired it on level 6 of the Lair of Beasts)

   [amulet of the acrobat]

   It helps you evade while moving and waiting.
   It insulates you from electricity.
   It lets you see invisible.
   It lets you turn invisible.
   It makes you more stealthy.
Wands
 o - a wand of disintegration (9)
 p - a wand of flame (16)
 q - a wand of iceblast (6)
 z - a wand of digging (3)
 M - a wand of enslavement (3)
 N - a wand of paralysis (5)
Scrolls
 g - 9 scrolls of remove curse
 y - 7 scrolls of amnesia
 C - a scroll of blinking
 D - a scroll of teleportation
 L - a scroll of fog
 R - a scroll of identify
Potions
 b - a potion of might
 e - 4 potions of brilliance
 h - 3 potions of lignification
 i - a potion of magic
 n - 2 potions of ambrosia
 G - a potion of berserk rage
 K - 4 potions of mutation
 T - a potion of haste
Comestibles
 d - 23 rations


   Skills:
 + Level 9.0 Fighting
 + Level 9.0 Short Blades
 + Level 9.0 Long Blades
 + Level 9.0 Axes
 + Level 9.0 Maces & Flails
 + Level 9.0 Polearms
 + Level 9.0 Staves
 + Level 9.0 Slings
 + Level 9.0 Bows
 + Level 9.0 Crossbows
 + Level 9.0 Throwing
 + Level 9.0 Armour
 + Level 10.1 Dodging
 + Level 10.0 Stealth
 + Level 9.0 Shields
 + Level 9.0 Unarmed Combat
 + Level 11.3 Spellcasting
 + Level 7.9 Conjurations
 + Level 7.5 Hexes
 + Level 7.5 Charms
 + Level 7.9 Summonings
 + Level 7.5 Necromancy
 + Level 7.9 Translocations
 + Level 7.5 Transmutations
 + Level 7.5 Fire Magic
 + Level 7.5 Ice Magic
 + Level 7.5 Air Magic
 + Level 7.5 Earth Magic
 + Level 7.5 Poison Magic
 + Level 9.8 Invocations
 + Level 9.0 Evocations


You had 9 spell levels left.
You knew the following spells:

 Your Spells              Type           Power        Failure   Level  Hunger
a - Magic Dart            Conj           ####         1%          1    None
b - Blink                 Tloc           N/A          1%          2    None
c - Call Imp              Summ           ######..     1%          2    None
d - Conjure Flame         Conj/Fire      ######..     1%          3    None
e - Mephitic Cloud        Conj/Pois/Air  ######..     1%          3    None
f - Confusing Touch       Hex            ######       1%          1    None
g - Apportation           Tloc           ######       1%          1    None
h - Deflect Missiles      Chrm/Air       ######....   26%         6    #####..
i - Petrify               Tmut/Erth      ######..     1%          4    None
j - Ozocubu's Armour      Chrm/Ice       ######..     1%          3    None

Your spell library contained the following spells:

 Spells                   Type           Power        Failure   Level  Hunger
 Animate Skeleton         Necr           N/A          1%          1    None
 Beastly Appendage        Tmut           ######       1%          1    None
 Freeze                   Ice            ####         1%          1    None
 Pain                     Necr           ####         1%          1    None
 Sting                    Conj/Pois      ####         1%          1    None
 Summon Small Mammal      Summ           ####         1%          1    None
 Poisonous Vapours        Pois/Air       ######       1%          2    None
 Slow                     Hex            ######..     1%          2    None
 Sticks to Snakes         Tmut           ######..     1%          2    None
 Throw Frost              Conj/Ice       ######       1%          2    None
 Confuse                  Hex            ######..     1%          3    None
 Gell's Gravitas          Tloc           ######....   1%          3    None
 Regeneration             Chrm/Necr      ######....   1%          3    None
 Static Discharge         Conj/Air       ######..     1%          3    None
 Vampiric Draining        Necr           ######....   1%          3    None
 Animate Dead             Necr           N/A          1%          4    None
 Cause Fear               Hex            ######....   1%          4    None
 Olgreb's Toxic Radiance  Pois           ######..     1%          4    None
 Summon Ice Beast         Ice/Summ       ######..     1%          4    None
 Throw Icicle             Conj/Ice       ######..     1%          4    None
 Lightning Bolt           Conj/Air       ######....   4%          5    ##.....
 Metabolic Englaciation   Hex/Ice        ######....   4%          5    ##.....
 Silence                  Hex/Air        ######....   4%          5    ##.....
 Venom Bolt               Conj/Pois      ######....   4%          5    ##.....
 Yara's Violent Unravell  Hex/Tmut       ######....   4%          5    ##.....
 Hydra Form               Tmut           ######....   26%         6    #####..
 Discord                  Hex            ######....   100%        8    #######
 Ignition                 Fire           ######....   100%        8    #######
 Shatter                  Erth           ######....   100%        9    #######
 Tornado                  Air            ######....   100%        9    #######


Dungeon Overview and Level Annotations

Branches:
Dungeon (14/15)            Temple (0/1) D:7            Lair (6/6) D:9
  Snake (0/4) Lair:2        Slime (0/5) Lair:5          Orc (1/2) D:11
 Bailey (visited)         Volcano (visited)
  Swamp: Lair:2-4    Shoals: Lair:2-4    Vaults: D:13-14

Altars:
Dithmenos
Hepliaklqana
Makhleb
Nemelex Xobeh
Ru
Sif Muna
Trog
Uskayaw
Vehumet
Wu Jian
Yredelemnul
The Shining One
Jiyva

Shops:
D:5 =   D:10 *   D:12 [

Annotations:
D:4 Grinder
D:5 Thirsty Yaks needed
D:7 2 transporters, martbhell's ghost, novice MiMo
D:10 , supercareful
D:11 Enemies everywhere., Erolcha
Lair:2 exclusion: 3 oklob plants
Lair:3 Rupert
Lair:6 Up and Down


Innate Abilities, Weirdness & Mutations

Your experience applies equally to all skills.
You have extremely sharp teeth.
Your uncanny sense of smell can sniff out nearby items.
You are partially covered in large bone plates. (SH +4)
You have a somewhat thin skeletal structure. (Dex +2, Stealth)
Scrolls take you a little longer to read.


Message History

You puncture the hornet!
The hornet is heavily wounded.
You feel yourself speed up.
You feel sick. The hornet stings you.
You suddenly lose the ability to move!
A wolf comes into view.
You feel sick. The hornet stings you!
* * * LOW HITPOINT WARNING * * *
You are more poisoned.
You feel yourself slow down.
The hornet stings you but does no damage.
You feel sick. The hornet stings you!
* * * LOW HITPOINT WARNING * * *
You feel as though you will be slow longer.
You are no longer berserk.
You feel as though you will be slow longer.
You feel sick. The hornet stings you!
* * * LOW HITPOINT WARNING * * *
You are more poisoned.
You shrug off the repeated paralysis!
The hornet stings you!
You die...

♣♣ ♣♣♣. ♣.♣♣...
♣...th♣♣♣♣ ∆
♣hy@.♣♣♣♣♣
♣♣♣♣♣..♣.♣♣♣♣♣
♣♣.......♣♣
♣........♣♣♣
♣..........♣♣
♣.............♣♣♣
..................
..................
.........###......


You could see a polar bear, a hornet, a crocodile and a wolf.

Vanquished Creatures
  Harold (Lair:2)
  9 hydras
  2 two-headed ogres (D:11)
  A tengu warrior (D:9)
  Urug (D:11)
  3 death yaks (Lair:5)
  Sonja (D:11)
  A skeletal warrior (D:9)
  Nergalle (Orc:1)
  A hell knight (Volcano)
  3 unseen horrors
  A lindwurm (Lair:6)
  A cyclops (D:13)
  A deep elf mage (D:9)
  3 ugly things
  4 elephants (Lair:6)
  2 black mambas
  A smoke demon (Volcano)
  8 spiny frogs
  A water nymph (D:12)
  2 merfolk sirens (Lair:4)
  A torpor snail (Lair:6)
  A rime drake (Lair:6)
  3 kobold demonologists (D:10)
  3 komodo dragons
  2 red devils (Volcano)
  A polar bear (Lair:6)
  5 trolls
  A merfolk (shapeshifter) (D:9)
  A queen bee (D:10)
  A snapping turtle (D:9)
  3 hornets
  3 slime creatures (D:12)
  8 hippogriffs
  4 dream sheep
  3 blink frogs (Lair:4)
  3 spriggans (Lair:6)
  Sigmund (D:4)
  A shadow (D:9)
  2 wraiths
  11 yaks
  A vampire (D:9)
  2 wyverns (D:9)
  A basilisk (Lair:2)
  Grum (D:11)
  4 wargs (Orc:1)
  A soldier ant (D:13)
  6 nagas (Lair:2)
  4 hell hounds
  8 water moccasins
  6 porcupines
  2 black bears
  Duvessa (D:6)
  10 orc warriors
  2 necrophages
  A boggart (Lair:6)
  4 ice beasts
  8 ogres
  5 phantoms
  17 wolves
  3 centaurs (D:12)
  7 big kobolds
  6 crocodiles
  2 wyvern zombies
  10 bullfrogs
  A gnoll sergeant (D:13)
  4 scorpions
  Dowan (D:6)
  17 killer bees
  A howler monkey (D:9)
  11 wights
  3 crimson imps
  A bullfrog zombie (D:6)
  9 hounds
  6 jellies
  2 centaur skeletons
  11 orc priests
  12 orc wizards
  6 bullfrog skeletons
  3 iguanas
  15 worker ants
  Ijyb (D:5)
  A hell rat (Lair:5)
  A hound zombie (D:11)
  2 hound skeletons
  3 worker ant zombies
  8 adders
  12 gnolls
  3 shadow imps
  An adder zombie (D:7)
  An adder skeleton (D:6)
  3 worms
  5 leopard geckos
  54 orcs
  A ball python (D:7)
  6 bats
  4 giant cockroaches
  15 hobgoblins
  13 jackals
  2 quokkas (D:6)
  5 frilled lizards
  12 goblins
  2 jackal zombies
  24 kobolds
  2 leopard gecko skeletons
  18 rats
  2 fungi (Lair:4)
  A plant (D:9)
523 creatures vanquished.

Vanquished Creatures (collateral kills)
  A wolf (D:10)
  A bullfrog (D:6)
  A crimson imp (D:6)
  An adder (D:3)
  A worm (D:3)
  An orc (D:5)
  A jackal (D:11)
7 creatures vanquished.

Vanquished Creatures (others)
  A wolf spider (D:12)
  A rime drake (Lair:4)
  A yak (D:10)
  An eye of draining (D:9)
  16 fungi
  18 plants
38 creatures vanquished.

Grand Total: 568 creatures vanquished

Notes
Turn   | Place    | Note
-------+----------+-------------------------------------------
     0 | D:1      | Amplified the Gnoll Wizard began the quest for the Orb.
     0 | D:1      | Reached XP level 1. HP: 13/13 MP: 8/8
   290 | D:1      | Reached XP level 2. HP: 19/19 MP: 8/10
   811 | D:2      | Learned a level 2 spell: Blink
   854 | D:2      | Reached XP level 3. HP: 25/25 MP: 5/11
   907 | D:2      | Learned a level 2 spell: Call Imp
  1068 | D:2      | Reached skill level 1 in Invocations
  1149 | D:2      | Reached skill level 1 in Fighting
  1149 | D:2      | Reached skill level 1 in Short Blades
  1149 | D:2      | Reached skill level 1 in Long Blades
  1149 | D:2      | Reached skill level 1 in Axes
  1149 | D:2      | Reached skill level 1 in Maces & Flails
  1149 | D:2      | Reached skill level 1 in Polearms
  1149 | D:2      | Reached skill level 1 in Staves
  1149 | D:2      | Reached skill level 1 in Slings
  1149 | D:2      | Reached skill level 1 in Bows
  1149 | D:2      | Reached skill level 1 in Crossbows
  1149 | D:2      | Reached skill level 1 in Throwing
  1149 | D:2      | Reached skill level 1 in Armour
  1149 | D:2      | Reached skill level 1 in Shields
  1149 | D:2      | Reached skill level 1 in Unarmed Combat
  1149 | D:2      | Reached skill level 1 in Evocations
  1171 | D:2      | Found a sparkling altar of Nemelex Xobeh.
  1172 | D:2      | Found a shadowy altar of Dithmenos.
  1439 | D:2      | Reached XP level 4. HP: 30/32 MP: 7/13
  1518 | D:2      | Found a sacrificial altar of Ru.
  1705 | D:3      | Learned a level 3 spell: Conjure Flame
  1999 | D:3      | Learned a level 3 spell: Mephitic Cloud
  2332 | D:3      | Found a shimmering blue altar of Sif Muna.
  2338 | D:3      | Became a worshipper of Sif Muna the Loreminder
  2430 | D:3      | Reached skill level 1 in Hexes
  2430 | D:3      | Reached skill level 1 in Charms
  2430 | D:3      | Reached skill level 1 in Necromancy
  2430 | D:3      | Reached skill level 1 in Transmutations
  2430 | D:3      | Reached skill level 1 in Fire Magic
  2430 | D:3      | Reached skill level 1 in Ice Magic
  2430 | D:3      | Reached skill level 1 in Air Magic
  2430 | D:3      | Reached skill level 1 in Earth Magic
  2430 | D:3      | Reached skill level 1 in Poison Magic
  2541 | D:4      | Noticed Sigmund
  2578 | D:4      | Killed Sigmund
  2578 | D:4      | Reached XP level 5. HP: 38/38 MP: 0/14
  2578 | D:4      | Reached XP level 6. HP: 44/44 MP: 0/16
  2833 | D:4      | Noticed Grinder
  2854 | D:5      | Entered Level 5 of the Dungeon
  2897 | D:5      | Found a burning altar of Makhleb.
  2897 | D:5      | Found a hazy altar of Hepliaklqana.
  2920 | D:5      | Found Tetwohuz's Jewellery Shoppe.
  3047 | D:5      | Noticed Ijyb
  3063 | D:6      | Reached skill level 5 in Dodging
  3181 | D:6      | Noticed an ice beast
  3430 | D:5      | Killed Ijyb
  3528 | D:5      | Reached XP level 7. HP: 50/50 MP: 12/18
  3818 | D:5      | Reached * piety under Sif Muna
  4193 | D:6      | Reached skill level 5 in Stealth
  4311 | D:6      | Reached XP level 8. HP: 57/57 MP: 2/19
  4758 | D:6      | Noticed Dowan
  4759 | D:6      | Noticed Duvessa
  4767 | D:6      | Killed Dowan
  4768 | D:6      | Killed Duvessa
  4956 | D:6      | Reached skill level 8 in Spellcasting
  4973 | D:7      | Found a flagged portal.
  5067 | D:7      | Got a faintly glowing hand axe
  5068 | D:7      | Identified the +6 hand axe of Ifoveuck {drain, Str+3} (You
                  | found it on level 7 of the Dungeon)
  5092 | Bailey   | Entered a bailey
  5251 | Bailey   | Reached ** piety under Sif Muna
  5282 | Bailey   | Noticed an orc knight
  5541 | D:7      | Reached XP level 9. HP: 38/65 MP: 18/21
  5905 | D:7      | Found a hide-covered altar of Uskayaw.
  5988 | D:7      | Found a transporter.
  5990 | D:7      | Found a transporter.
  5991 | D:7      | Noticed martbhell's ghost (novice MiMo)
  6269 | D:7      | Found a staircase to the Ecumenical Temple.
  6276 | D:7      | Learned a level 1 spell: Confusing Touch
  6278 | D:7      | Learned a level 1 spell: Apportation
  6551 | D:8      | Noticed a troll
  6559 | D:8      | Killed a troll
  7080 | D:8      | Found a radiant altar of Vehumet.
  7162 | D:8      | Reached skill level 5 in Invocations
  7321 | D:8      | Found an ornate altar of the Wu Jian Council.
  7377 | D:9      | Found a staircase to the Lair.
  7606 | D:9      | Reached *** piety under Sif Muna
  7606 | D:9      | Reached XP level 10. HP: 61/72 MP: 22/22
  7923 | D:9      | Noticed a skeletal warrior
  7989 | D:9      | Noticed a six-headed hydra
  7990 | D:9      | Noticed a tengu warrior
  8011 | D:9      | Gained mutation: You have a somewhat thin skeletal
                  | structure. (Dex +2, Stealth) [potion of mutation]
  8011 | D:9      | Gained mutation: You have extremely sharp teeth. [potion of
                  | mutation]
  8011 | D:9      | Gained mutation: Scrolls take you a little longer to read.
                  | [potion of mutation]
  8011 | D:9      | Gained mutation: You are partially covered in large bone
                  | plates. (SH +4) [potion of mutation]
  8466 | D:10     | Entered Level 10 of the Dungeon
  8466 | D:10     | Found Vyigh's Assorted Antiques.
  8485 | D:10     | Bought a potion of curing for 87 gold pieces
  8485 | D:10     | Bought a scroll of magic mapping for 101 gold pieces
  8487 | D:10     | Found a transporter.
  8520 | D:10     | Noticed a kobold demonologist
  8580 | D:10     | Noticed a kobold demonologist
  8726 | D:10     | Reached skill level 5 in Fighting
  8726 | D:10     | Reached skill level 5 in Short Blades
  8726 | D:10     | Reached skill level 5 in Long Blades
  8726 | D:10     | Reached skill level 5 in Axes
  8726 | D:10     | Reached skill level 5 in Maces & Flails
  8726 | D:10     | Reached skill level 5 in Polearms
  8726 | D:10     | Reached skill level 5 in Staves
  8726 | D:10     | Reached skill level 5 in Slings
  8726 | D:10     | Reached skill level 5 in Bows
  8726 | D:10     | Reached skill level 5 in Crossbows
  8726 | D:10     | Reached skill level 5 in Throwing
  8726 | D:10     | Reached skill level 5 in Armour
  8726 | D:10     | Reached skill level 5 in Shields
  8726 | D:10     | Reached skill level 5 in Unarmed Combat
  8726 | D:10     | Reached skill level 5 in Evocations
  9040 | D:10     | Found a transporter.
  9046 | D:10     | Noticed a fire crab
  9046 | D:10     | Noticed a fire crab
  9047 | D:10     | Noticed a kobold demonologist
  9109 | D:10     | Reached skill level 9 in Spellcasting
  9421 | D:10     | Reached skill level 5 in Conjurations
  9421 | D:10     | Reached skill level 5 in Summonings
  9421 | D:10     | Reached skill level 5 in Translocations
  9775 | D:11     | Noticed Grum
 10023 | D:10     | a fire crab changed into a queen bee
 10027 | D:10     | a fire crab changed into a yak
 10046 | D:10     | Noticed a soul eater
 10047 | D:10     | Killed a kobold demonologist
 10049 | D:10     | Killed a kobold demonologist
 10054 | D:10     | Killed a kobold demonologist
 10115 | D:11     | Noticed a two-headed ogre
 10122 | D:11     | Noticed a two-headed ogre
 10128 | D:11     | Killed a two-headed ogre
 10128 | D:11     | Reached XP level 11. HP: 78/81 MP: 10/24
 10137 | D:11     | Killed a two-headed ogre
 10244 | D:11     | Got a heavy robe
 10293 | D:11     | Reached **** piety under Sif Muna
 10312 | D:11     | Killed an unseen horror
 10312 | D:11     | Reached skill level 5 in Hexes
 10312 | D:11     | Reached skill level 5 in Charms
 10312 | D:11     | Reached skill level 5 in Necromancy
 10312 | D:11     | Reached skill level 5 in Transmutations
 10312 | D:11     | Reached skill level 5 in Fire Magic
 10312 | D:11     | Reached skill level 5 in Ice Magic
 10312 | D:11     | Reached skill level 5 in Air Magic
 10312 | D:11     | Reached skill level 5 in Earth Magic
 10312 | D:11     | Reached skill level 5 in Poison Magic
 10499 | D:11     | Killed Grum
 10786 | D:11     | Found a staircase to the Orcish Mines.
 10830 | D:11     | Noticed Urug
 10860 | D:11     | Killed Urug
 10918 | D:11     | Noticed Erolcha
 10920 | D:11     | Noticed Sonja
 11406 | D:11     | Learned a level 6 spell: Deflect Missiles
 11661 | D:12     | Noticed a brown ugly thing
 12269 | D:9      | Noticed a centaur warrior
 12275 | D:9      | a centaur warrior changed into a snapping turtle
 12291 | D:9      | Noticed a deep elf mage
 12552 | Orc:1    | Entered Level 1 of the Orcish Mines
 12577 | D:11     | Killed Sonja
 12759 | Orc:1    | Noticed Nergalle
 13034 | D:12     | Found Udwir's Armour Emporium.
 13084 | D:12     | Noticed a wolf spider
 13084 | D:12     | a large slime creature changed into a wolf spider
 13326 | D:12     | Found a basalt altar of Yredelemnul.
 13349 | D:12     | Killed a brown ugly thing
 13349 | D:12     | Reached XP level 12. HP: 89/89 MP: 19/25
 13436 | D:12     | Reached ***** piety under Sif Muna
 13499 | D:12     | Identified the +7 rapier of Uskayaw's Delight {holy, *Rage
                  | +Blink rElec Stlth+}
 13604 | D:12     | Received a gift from Sif Muna
 13730 | D:12     | Reached skill level 10 in Spellcasting
 13805 | D:12     | Noticed a four-headed hydra
 14259 | D:12     | Learned a level 4 spell: Petrify
 14269 | D:12     | Killed a four-headed hydra
 14331 | D:12     | Identified the cursed +0 robe of the Slug {+Fly rPois} (You
                  | found it on level 11 of the Dungeon)
 14445 | D:13     | Noticed a rakshasa
 14640 | D:13     | Found a glowing golden altar of the Shining One.
 14864 | D:13     | Learned a level 3 spell: Ozocubu's Armour
 16183 | D:9      | Identified the Tome of Circular Logic
 16213 | D:9      | Killed a six-headed hydra
 16288 | D:9      | Noticed a three-headed hydra
 16309 | D:10     | Killed a three-headed hydra
 16586 | D:9      | Reached XP level 13. HP: 74/98 MP: 13/27
 16598 | D:9      | Received a gift from Sif Muna
 16609 | D:9      | Found a bloodstained altar of Trog.
 16664 | Lair:1   | Entered Level 1 of the Lair of Beasts
 17146 | Lair:1   | You fall into a shaft and drop 1 floor!
 17989 | Lair:2   | Noticed Harold
 18006 | Lair:2   | Killed Harold
 18201 | Lair:2   | Found a staircase to the Snake Pit.
 18751 | Lair:3   | Noticed Rupert
 19040 | Orc:1    | Killed Nergalle
 19481 | Orc:1    | Noticed an orc warlord
 20137 | Lair:5   | Found a viscous altar of Jiyva.
 20137 | Lair:5   | Found a staircase to the Slime Pits.
 20343 | Lair:5   | Reached skill level 11 in Spellcasting
 20574 | Lair:5   | Found a dark tunnel.
 20597 | Volcano  | Entered a volcano
 20649 | Volcano  | Received a gift from Sif Muna
 20742 | Volcano  | Reached XP level 14. HP: 106/106 MP: 12/29
 21235 | Lair:6   | Entered Level 6 of the Lair of Beasts
 21562 | Lair:6   | Identified a scroll of acquirement
 21562 | Lair:6   | Got a fine lead amulet
 21565 | Lair:6   | Identified the amulet "Sifant" {Acrobat +Inv rElec SInv
                  | Stlth+} (You acquired it on level 6 of the Lair of Beasts)
 21621 | Lair:6   | Upgraded the game from 0.24.0-7-gb3623d2c88 to
                  | 0.24.0-10-g970556be89
 21636 | Lair:6   | Reached skill level 10 in Dodging
 22211 | Lair:4   | You fall into a shaft and drop 2 floors!
 22691 | Lair:6   | Reached skill level 10 in Stealth
 22695 | Lair:6   | Paralysed by a hornet for 3 turns
 22698 | Lair:6   | HP: 5/108 [hornet (10)]
 22698 | Lair:6   | Slain by a hornet

Levels and vault maps discovered:
D:1:      dpeg_arrival_ratfight, layout_rooms, serial_bayou,
          serial_bayou_shore_a, serial_bayou_pond_c, serial_bayou_pond_c,
          serial_bayou_lagoon_a
D:2:      layout_loops_ring, overflow_temple_1_default,
          nicolae_overflow_hidden_temple, first_ration
D:3:      layout_loops_ring, led_sif_pool
D:4:      layout_basic, uniq_grinder, uniq_menkaure, uniq_sigmund
D:5:      layout_rooms, gammafunk_temple_overflow_statue, serial_shops, shop,
          hangedman_decor_growths, uniq_ijyb
D:6:      layout_rooms, due_unseen_surprise, uniq_duvessa
D:7:      layout_loops_ring, overflow_temple_1_default,
          minmay_temple_entry_nine_rooms, gammafunk_ghost_mausoleum,
          enter_bailey_2
D:8:      layout_basic, vehumet_altar_wand_db, lemuel_doored_altar,
          fountainhead, minmay_radiant
D:9:      minmay_the_grid_square_5x5_4x4 [minmay_the_grid_square_5x5_longway,
          minmay_the_grid_square_5x5_c, minmay_the_grid_square_5x5_shrine1,
          minmay_the_grid_square_5x5_checkered_statues,
          minmay_the_grid_square_5x5_shrine2,
          minmay_the_grid_square_5x5_prize_open,
          minmay_the_grid_square_5x5_prize_pseudospiral,
          minmay_the_grid_square_5x5_fancy_junction,
          minmay_the_grid_square_5x5_intrusive_squares,
          minmay_the_grid_square_5x5_prize_itemx,
          minmay_the_grid_square_5x5_prize_gold,
          minmay_the_grid_square_5x5_beaten_path,
          minmay_the_grid_square_5x5_inverted_slash,
          minmay_the_grid_square_5x5_one_wall,
          minmay_the_grid_square_5x5_spiral, minmay_the_grid_square_5x5_mess],
          layout_rooms, lemuel_crystal_altar, lair_entry_dummy, hangedman_ranch
          [blue_anna_fruit_fields], kennysheep_generic_room_14
D:10:     gammafunk_wand_slinger, layout_loops_ring, serial_shops,
          nicolae_shop_overgrown_old_shop
D:11:     layout_rooms, david_orc_4, uniq_erolcha, uniq_grum, uniq_urug,
          uniq_sonja
D:12:     layout_basic, basic_altar, serial_shops, shop, minmay_door_square
D:13:     layout_long_grid, tso_metal_star
D:14:     layout_irregular_city, skrybe_vaults_entry_preservation,
          minmay_misc_feat_square, uniq_roxanne
Lair:1:   layout_cave_pods, infiniplex_staircase_pool_2, lemuel_fruit_tree
Lair:2:   layout_regular_city, minmay_snake_entry_guardpost_medium,
          minmay_lair_oklob_chamber, lemuel_fruit_fields, grunt_megastairs_1,
          lemuel_fruit_fields, infiniplex_staircase_pool, uniq_harold
Lair:3:   layout_gridlike, uniq_rupert
Lair:4:   layout_loops_ring, elwin_shoals_entry_rooms, beast_lair_carwin_10,
          grunt_megastairs_2
Lair:5:   layout_regular_city, slime_altar_1, enter_volcano_3,
          grunt_megastairs_5
Lair:6:   minmay_lair_end_enchanted_forest, layout_regular_city
Orc:1:    cheibrodos_orc_guarddog, layout_caves, nicolae_orc_flooded_monolith,
          uniq_nergalle

Skill      XL: |  1  2  3  4  5  6  7  8  9 10 11 12 13 14 |
---------------+-------------------------------------------+-----
Conjurations   | 2 3 4 5 6 7 |  7.9
Summonings     | 2 3 4 5 6 7 |  7.9
Translocations | 2 3 4 5 6 7 |  7.9
Invocations    | 1 2 3 4 5 6 7 8 9 |  9.8
Fighting       | 1 2 3 4 5 6 7 8 9 |  9.0
Short Blades   | 1 2 3 4 5 6 7 8 9 |  9.0
Long Blades    | 1 2 3 4 5 6 7 8 9 |  9.0
Axes           | 1 2 3 4 5 6 7 8 9 |  9.0
Maces & Flails | 1 2 3 4 5 6 7 8 9 |  9.0
Polearms       | 1 2 3 4 5 6 7 8 9 |  9.0
Staves         | 1 2 3 4 5 6 7 8 9 |  9.0
Slings         | 1 2 3 4 5 6 7 8 9 |  9.0
Bows           | 1 2 3 4 5 6 7 8 9 |  9.0
Crossbows      | 1 2 3 4 5 6 7 8 9 |  9.0
Throwing       | 1 2 3 4 5 6 7 8 9 |  9.0
Armour         | 1 2 3 4 5 6 7 8 9 |  9.0
Shields        | 1 2 3 4 5 6 7 8 9 |  9.0
Unarmed Combat | 1 2 3 4 5 6 7 8 9 |  9.0
Evocations     | 1 2 3 4 5 6 7 8 9 |  9.0
Hexes          | 1 2 3 4 5 6 7 |  7.5
Charms         | 1 2 3 4 5 6 7 |  7.5
Necromancy     | 1 2 3 4 5 6 7 |  7.5
Transmutations | 1 2 3 4 5 6 7 |  7.5
Fire Magic     | 1 2 3 4 5 6 7 |  7.5
Ice Magic      | 1 2 3 4 5 6 7 |  7.5
Air Magic      | 1 2 3 4 5 6 7 |  7.5
Earth Magic    | 1 2 3 4 5 6 7 |  7.5
Poison Magic   | 1 2 3 4 5 6 7 |  7.5
Dodging        | 5 6 7 8 9 10 | 10.1
Stealth        | 5 6 7 8 9 10 | 10.0
Spellcasting   | 8 9 10 11 | 11.3

Action                   |  1- 3 |  4- 6 |  7- 9 | 10-12 | 13-15 || total
-------------------------+-------+-------+-------+-------+-------++-------
Melee: Club              |     2 |     1 |       |       |       ||     3
       Flail             |       |    38 |    62 |       |       ||   100
       Bite              |       |     1 |    15 |    70 |    56 ||   142
       Hand axe          |       |       |   157 |   410 |       ||   567
       Punch             |       |       |     5 |    19 |    20 ||    44
       Rapier            |       |       |       |   201 |   344 ||   545
       Broad axe         |       |       |       |       |    98 ||    98
Throw: Javelin           |     6 |    11 |       |       |       ||    17
       Dart              |       |     9 |    18 |    34 |     9 ||    70
 Cast: Magic Dart        |    81 |    76 |   152 |    36 |       ||   345
       Call Imp          |     1 |     7 |     1 |     4 |     1 ||    14
       Mephitic Cloud    |       |     4 |    17 |    81 |    19 ||   121
       Conjure Flame     |       |       |     6 |    11 |       ||    17
       Blink             |       |       |     2 |       |    14 ||    16
       Confusing Touch   |       |       |     1 |    15 |     3 ||    19
       Petrify           |       |       |       |    12 |   105 ||   117
       Ozocubu's Armour  |       |       |       |     2 |       ||     2
Invok: Channel Magic     |       |       |     1 |       |       ||     1
 Abil: Evoke Blink       |       |       |       |     4 |     1 ||     5
Evoke: Wand              |       |       |    17 |    61 |    24 ||   102
  Use: Scroll            |     5 |    10 |     4 |    14 |    11 ||    44
       Potion            |       |     5 |     4 |    17 |     3 ||    29
 Stab: Sleeping          |       |     2 |     4 |    13 |    12 ||    31
       Confused          |       |       |       |    34 |    11 ||    45
       Distracted        |       |       |       |     1 |       ||     1
       Petrified         |       |       |       |    17 |    72 ||    89
       Petrifying        |       |       |       |     2 |    34 ||    36
       Paralysed         |       |       |       |       |     2 ||     2
  Eat: Chunk             |     1 |     5 |    11 |    16 |     7 ||    40
       Ration            |       |       |     1 |     4 |     4 ||     9
Armor: Robe              |     1 |     4 |    25 |       |       ||    30
       Leather armour    |       |       |    41 |   118 |    76 ||   235
Dodge: Dodged            |    12 |    37 |   190 |   408 |   331 ||   978
Block: Other             |       |       |       |    93 |    67 ||   160
